 Dungeon Crawl Stone Soup version 0.31-a0-1338-gb567cfdca4 (webtiles) character file.

Game seed: 6774338761110719258

1826 jasper the Cruncher (level 9, 0/61 HPs)
             Began as a Human Gladiator on Dec 22, 2023.
             Slain by a killer bee (1 damage)
             ... on level 7 of the Dungeon.
             The game lasted 00:10:19 (6097 turns).

jasper the Cruncher (Human Gladiator)               Turns: 6097, Time: 00:10:19

Health: 0/61       AC:  7    Str: 18    XL:     9   Next: 11%
Magic:  9/9        EV: 12    Int:  8    God:
Gold:   344        SH:  0    Dex: 16    Spells: 8/8 levels left

rFire   . . .        a - +1 quarterstaff
rCold   + . .        (shield currently unavailable)
rNeg    + . .        b - +0 leather armour
rPois   .            c - +0 helmet
rElec   .            g - +2 cloak
rCorr   .            (no gloves)
SInv    .            (no boots)
Will    .....        (no amulet)
Stlth   +            h - ring of positive energy
HPRegen 0.30/turn    q - ring of protection from cold
MPRegen 0.11/turn

%: no passive effects
@: mighty, lethally poisoned (0 -> -15), about to teleport
A: explore regen
a: no special abilities


You were on level 7 of the Dungeon.
You visited 1 branch of the dungeon, and saw 7 of its levels.

You collected 344 gold pieces.

Inventory:

Hand Weapons
 a - a +1 quarterstaff (weapon)
 u - a +0 sling
Missiles
 e - a javelin
 t - 12 poisoned darts (quivered)
Armour
 b - a +0 leather armour (worn)
 c - a +0 helmet (worn)
 g - a +2 cloak (worn)
Jewellery
 h - a ring of positive energy (left hand)
 p - a ring of magical power
 q - a ring of protection from cold (right hand)
Wands
 r - a wand of iceblast (19)
 s - a wand of flame (16)
Scrolls
 k - 3 scrolls of teleportation
 o - a scroll of amnesia
 v - 4 scrolls of revelation
 y - 2 scrolls of vulnerability
 A - a scroll of fear
 C - a scroll of enchant armour {unknown}
Potions
 i - 3 potions of mutation
 j - a potion of degeneration
 l - 2 potions of heal wounds {unknown}
 m - a potion of magic {unknown}
 n - a potion of invisibility {unknown}
 w - a potion of attraction {unknown}
 x - a potion of resistance {unknown}
 z - 2 potions of ambrosia {unknown}
 B - a potion of enlightenment {unknown}


   Skills:
 - Level 2.0 Fighting
 * Level 11.8 Staves
 - Level 2.0 Throwing
 - Level 3.0 Dodging


You had 8 spell levels left.
You didn't know any spells.
Your spell library contained the following spells:

 Spells                   Type           Power      Damage    Failure   Level
 Summon Small Mammal      Summ           0%         N/A       45%         1
 Call Canine Familiar     Summ           0%         N/A       83%         3
 Hailstorm                Conj/Ice       0%         3d5       83%         3
 Inner Flame              Hex/Fire       0%         N/A       83%         3
 Summon Guardian Golem    Hex/Summ       0%         N/A       83%         3
 Tukima's Dance           Hex            0%         N/A       83%         3
 Dimensional Bullseye     Hex/Tloc       0%         N/A       99%         4
 Flame Wave               Conj/Fire      0%         2d4       99%         4
 Iskenderun's Mystic Bla  Conj/Tloc      0%         2d3       99%         4
 Sticky Flame             Fire/Alch      0%         2d4       99%         4
 Summon Ice Beast         Ice/Summ       0%         N/A       99%         4
 Vhi's Electric Charge    Tloc/Air       0%         N/A       99%         4
 Arcjolt                  Conj/Air       0%         1d10      100%        5
 Simulacrum               Ice/Necr       0%         N/A       100%        6
 Maxwell's Capacitive Co  Air            0%         ∞         100%        8


Dungeon Overview and Level Annotations

Branches:
Dungeon (7/15)
 Temple: D:4-7

Altars:
Nemelex Xobeh
Trog

Shops:
D:1 =   D:5 (


Innate Abilities, Weirdness & Mutations

You regain HP and MP as you explore.


Message History

The killer bee is heavily wounded.
You feel sick. The killer bee stings you!
You are more poisoned.
The killer bee poisons you!
You take 8 damage, and have 21/61 hp.
Okay, then.
You feel better. The killer bee stings you.
You are poisoned.
The killer bee poisons you!
The killer bee stings you but does no damage.
You regained 5 hp, and now have 26/61 hp.
You feel very mighty all of a sudden.
You feel very sick. The killer bee completely misses you.
The killer bee stings you.
You take 6 damage, and have 20/61 hp.
Okay, then.
As you read the scroll of teleportation, it crumbles to dust.
You feel strangely unstable.
You feel sick. The killer bee stings you.
* * * LOW HITPOINT WARNING * * *
The killer bee stings you.
* * * LOW HITPOINT WARNING * * *
You are more poisoned.
The killer bee poisons you!
You take 5 damage, and have 15/61 hp.
You completely miss the killer bee.
The killer bee is heavily wounded.
* * * LOW HITPOINT WARNING * * *
You feel sick. The killer bee barely misses you. The killer bee misses you.
You take 2 damage, and have 13/61 hp.
* * * LOW HITPOINT WARNING * * *
You feel very sick. The killer bee stings you.
* * * LOW HITPOINT WARNING * * *
You are more poisoned.
The killer bee poisons you!
You take 7 damage, and have 6/61 hp.
* * * LOW HITPOINT WARNING * * *
You feel very sick. The killer bee stings you.
You die... #.# ##'## #.# ######)## B. #.# #......)# #y# #.# #.####..# yy# #.# #.###...### yy#

#.#####......>..#
..##
#........###..#.#
y.. #######..#
#..#.#######.#
#..###....@y.yy.yy#
#.......#.#########
#....>..#.#
##........#
#####.#### #.# #.#
########
#.####......#
#######....)....#.#


You could see 5 killer bees.

Vanquished Creatures
  Sigmund (D:3)
  A black bear (D:5)
  3 ice beasts
  An ogre (D:5)
  A centaur (D:7)
  A phantom (D:6)
  A bullfrog (D:7)
  2 scorpions (D:4)
  3 killer bees (D:5)
  4 orc priests
  A gnoll bouda (D:7)
  A hound (D:5)
  4 iguanas
  4 orc wizards
  Ijyb (D:3)
  Robin (D:3)
  10 gnolls
  6 adders
  4 bombardier beetles
  2 white imps (D:6)
  6 ufetubi (D:6)
  18 orcs
  4 endoplasms
  4 giant cockroaches
  21 goblins
  14 hobgoblins
  7 kobolds
  3 quokkas
  7 ball pythons
  10 bats
  3 frilled lizards
  9 rats
158 creatures vanquished.

Notes
Turn   | Place    | Note
-------+----------+-------------------------------------------
     0 | D:1      | jasper the Human Gladiator began the quest for the Orb.
     0 | D:1      | Reached XP level 1. HP: 16/16 MP: 1/1
   190 | D:1      | Reached XP level 2. HP: 22/22 MP: 2/2
   214 | D:1      | Found Otisuc's Jewellery Shoppe.
   449 | D:1      | Reached skill level 4 in Staves
   596 | D:1      | Reached XP level 3. HP: 22/27 MP: 3/3
  1088 | D:3      | Noticed Sigmund
  1114 | D:3      | Killed Sigmund
  1115 | D:3      | Reached skill level 6 in Staves
  1115 | D:3      | Reached XP level 4. HP: 16/33 MP: 4/4
  1115 | D:3      | Reached XP level 5. HP: 19/38 MP: 5/5
  1389 | D:3      | Reached XP level 6. HP: 44/44 MP: 6/6
  1415 | D:3      | Noticed Robin
  1451 | D:3      | Killed Robin
  1713 | D:3      | Reached skill level 7 in Staves
  1766 | D:3      | Noticed Ijyb
  1799 | D:3      | Killed Ijyb
  2495 | D:4      | Reached XP level 7. HP: 40/50 MP: 7/7
  2561 | D:4      | Reached skill level 8 in Staves
  2950 | D:5      | Entered Level 5 of the Dungeon
  3333 | D:5      | Noticed a two-headed ogre
  3615 | D:5      | Reached skill level 9 in Staves
  3722 | D:5      | Reached XP level 8. HP: 24/56 MP: 8/8
  3953 | D:5      | Found Plog's Weapon Shop.
  4057 | D:5      | Reached skill level 10 in Staves
  4793 | D:6      | Found a sparkling altar of Nemelex Xobeh.
  5154 | D:6      | Reached skill level 11 in Staves
  5748 | D:7      | Reached XP level 9. HP: 56/61 MP: 9/9
  5992 | D:7      | Found a bloodstained altar of Trog.
  6097 | D:7      | HP: 1/61 [poisoned by a killer bee]
  6097 | D:7      | Slain by a killer bee

Illustrated notes

Levels and vault maps discovered:
D:1:      elethiomel_arrival_diamonds, layout_basic, serial_shops, shop
D:2:      layout_basic, basic_altar, serial_shops, nicolae_shop_waterfront,
          kennysheep_boxes
D:3:      kennysheep_the_goblin_king, layout_basic, uniq_sigmund, uniq_robin
D:4:      layout_loops_ring
D:5:      layout_basic, serial_shops, nicolae_shop_crystal
D:6:      layout_loops_cross, nemelex_diamond_rough_becter
D:7:      layout_loops_corners, nicolae_overflow_hidden_temple,
          minmay_temple_entry_poolview

Skill      XL: |  1  2  3  4  5  6  7  8 |
---------------+-------------------------+-----
Staves         | 4 6 7 9 11 | 11.8
Fighting       | |  2.0
Throwing       | |  2.0
Dodging        | |  3.0

Action                     |  1- 3 |  4- 6 |  7- 9 || total
---------------------------+-------+-------+-------++-------
  Melee: Quarterstaff      |   114 |   167 |   304 ||   585
  Throw: Throwing net      |     3 |       |     4 ||     7
         Dart              |       |    19 |    42 ||    61
  Evoke: Wand              |       |     1 |     1 ||     2
    Use: Scroll            |       |       |    18 ||    18
         Potion            |       |       |     2 ||     2
   Stab: Sleeping          |     2 |       |       ||     2
         Distracted        |       |       |     1 ||     1
         Held in net/web   |       |       |     1 ||     1
 Armour: Leather armour    |    67 |    84 |   191 ||   342
  Dodge: Dodged            |    86 |   103 |   179 ||   368

Table legend: (Time is in decaauts)
 A = Elapsed time spent in this place.
 B = Non-inter-level travel time spent in this place.
 C = Inter-level travel time spent in this place.
 D = Time resting spent in this place.
 E = Time spent auto-exploring this place.
 F = Levels seen in this place.
 G = Mean time per level.
                   A        B        C        D        E       F      G
               +--------+--------+--------+--------+--------+-----+--------+
         Total |   6037 |   5864 |    173 |    571 |   3882 |   7 |  862.4 |
       Dungeon |   6037 |   5864 |    173 |    571 |   3882 |   7 |  862.4 |
               +--------+--------+--------+--------+--------+-----+--------+

Top non-repeatable levels by time:
     D:6: 1203 daAuts
     D:5: 1115 daAuts
     D:4: 1063 daAuts
     D:1: 859 daAuts
     D:3: 834 daAuts
     D:7: 764 daAuts
     D:2: 197 daAuts
